 Dungeon Crawl Stone Soup version 0.27.1-15-g792fb953b9 (webtiles) character file.

Game seed: 14386736545055440091

182 spaced the Magician (level 5, 0/31 HPs)
             Began as an Octopode Hedge Wizard on Nov 21, 2021.
             Succumbed to a gnoll's poison
             ... on level 3 of the Dungeon.
             The game lasted 00:25:52 (3064 turns).

spaced the Magician (Octopode Hedge Wizard)         Turns: 3064, Time: 00:25:52

Health: 0/31       AC:  1    Str: 10    XL:     5   Next: 61%
Magic:  2/12       EV: 13    Int: 17    God:
Gold:   62         SH:  0    Dex: 11    Spells: 0/13 levels left

rFire    . . .     SeeInvis .   h - +1 dagger (venom)
rCold    . . .     Faith    .   (no shield)
rNeg     . . .     Spirit   .   b - +0 hat
rPois    .         Reflect  .   (no amulet)
rElec    .         Harm     .   (no ring)
rCorr    .         Rampage  .   (no ring)
Will     .....                  (no ring)
Stlth    +++.......             (no ring)
HPRegen  0.10/turn              (no ring)
MPRegen  0.13/turn              (no ring)
                                (no ring)
                                (no ring)

@: lethally poisoned (0 -> -3)
A: almost no armour, amphibious, 8 rings, camouflage 1, gelatinous body 1,
(nimble swimmer 1), tentacles
a: no special abilities


You were on level 3 of the Dungeon.
You visited 1 branch of the dungeon, and saw 3 of its levels.

You collected 62 gold pieces.

Inventory:

Hand Weapons
 a - a +0 dagger
 h - a +1 dagger of venom (weapon)
Missiles
 n - 10 poisoned darts
 p - 5 curare-tipped darts (quivered)
Armour
 b - a +0 hat (worn)
 m - a +2 helmet
Scrolls
 e - a scroll of teleportation
 f - a scroll of immolation {unknown}
 l - a scroll of identify
 o - a scroll of fear {unknown}
Potions
 c - a potion of magic {unknown}
 d - a potion of flight
 g - a potion of berserk rage
 i - a potion of attraction {unknown}
 j - a potion of curing {unknown}
 k - a potion of heal wounds {unknown}


   Skills:
 + Level 0.2 Fighting
 + Level 0.5 Short Blades
 + Level 2.3 Dodging
 + Level 3.1 Stealth
 + Level 4.7 Spellcasting
 + Level 2.4 Conjurations
 + Level 0.5 Hexes
 + Level 1.0 Summonings
 + Level 1.0 Translocations


You couldn't memorise any spells.
You knew the following spells:

 Your Spells              Type           Power      Damage    Failure   Level
a - Magic Dart            Conj           48%        1d5       5%          1
b - Blink                 Tloc           N/A        N/A       14%         2
c - Slow                  Hex            5%         N/A       19%         2
d - Gell's Gravitas       Tloc           3%         N/A       28%         3
e - Call Imp              Summ           7%         N/A       14%         2
f - Summon Guardian Gole  Hex/Summ       6%         N/A       32%         3

Your spell library contained the following spells:

 Spells                   Type           Power      Damage    Failure   Level
 Conjure Flame            Conj/Fire      8%         6-21      26%         3
 Lesser Beckoning         Tloc           3%         N/A       28%         3
 Teleport Other           Tloc           7%         N/A       28%         3
 Mephitic Cloud           Conj/Pois/Air  6%         N/A       30%         3
 Orb of Destruction       Conj           6%         9d3       100%        7
 Spellforged Servitor     Conj/Summ      4%         N/A       100%        7


Dungeon Overview and Level Annotations

Branches:
Dungeon (3/15)

Altars:
Qazlal


Innate Abilities, Weirdness & Mutations

You cannot wear most types of armour.
You are amphibious.
You can wear up to eight rings at the same time.
Your skin changes colour to match your surroundings (Stealth+).
Your rubbery body absorbs attacks. (AC +1, EV +1)
((You are camouflaged near water. (Stealth+)))
You have tentacles for arms and can constrict up to eight enemies at once.


Message History

You feel very sick.
You kill the gnoll!
The gnoll closely misses you. x2
Casting: Magic Dart (safe; 5% risk of failure)
Confirm with . or Enter, or press ? or * to list all spells.
Aiming: Magic Dart (safe; 5% risk of failure)
Press: ? - help, Shift-Dir - straight line, f/p - gnoll
Aim: a gnoll, wielding a +1 whip of venom (severely wounded, 100% to hit)
The magic dart hits the gnoll.
You kill the gnoll!
You feel sick.
The gnoll hits you from afar with a +0 halberd.
Casting: Magic Dart (safe; 5% risk of failure)
Confirm with . or Enter, or press ? or * to list all spells.
Aiming: Magic Dart (safe; 5% risk of failure)
Press: ? - help, Shift-Dir - straight line, f - gnoll
Aim: a gnoll, wielding a +0 halberd (100% to hit)
The magic dart hits the gnoll but does no damage.
You feel sick. The gnoll closely misses you.
Unknown command.
Casting: Magic Dart (safe; 5% risk of failure)
Confirm with . or Enter, or press ? or * to list all spells.
Aiming: Magic Dart (safe; 5% risk of failure)
Press: ? - help, Shift-Dir - straight line, f/p - gnoll
Aim: a gnoll, wielding a +0 halberd (100% to hit)
The magic dart hits the gnoll.
The gnoll is moderately wounded.
You feel sick. The gnoll misses you.
Casting: Magic Dart (safe; 5% risk of failure)
Confirm with . or Enter, or press ? or * to list all spells.
Aiming: Magic Dart (safe; 5% risk of failure)
Press: ? - help, Shift-Dir - straight line, f/p - gnoll
Aim: a gnoll, wielding a +0 halberd (moderately wounded, 100% to hit)
The magic dart hits the gnoll.
The gnoll is heavily wounded.
You feel sick.
The gnoll hits you from afar with a +0 halberd!
* * * LOW HITPOINT WARNING * * *
Your magical contamination has completely faded away.
You die...

..##.# #.##.#
#####.##.###
#..<.......######
.##.###.#.........#
....###.†....####.##
........#...## #..##
.#########.######...####
#.# #..@......# #.#
#)#######.# #+#
#g#)....#..#
#.)#...$$#...
....#.._$.#...
.....#.$$..#...
>....(#.....#...
..((..###+###..


You could see a gnoll.

Vanquished Creatures
  A black bear (D:2)
  2 gnolls (D:3)
  3 adders (D:2)
  A worm (D:2)
  A dart slug (D:1)
  5 bats
  4 endoplasms
  4 giant cockroaches
  6 goblins
  3 hobgoblins
  3 kobolds
  3 quokkas
  3 ball pythons
  3 frilled lizards
  A rat (D:1)
43 creatures vanquished.

Vanquished Creatures (collateral kills)
  A quokka (D:2)
1 creature vanquished.

Grand Total: 44 creatures vanquished

Notes
Turn   | Place    | Note
-------+----------+-------------------------------------------
     0 | D:1      | spaced the Octopode Hedge Wizard began the quest for the
                  | Orb.
     0 | D:1      | Reached XP level 1. HP: 11/11 MP: 4/4
   223 | D:1      | Reached XP level 2. HP: 17/17 MP: 0/6
   489 | D:1      | Learned a level 2 spell: Blink
   492 | D:1      | Learned a level 2 spell: Slow
   772 | D:1      | Found a faded altar of an unknown god.
  1241 | D:2      | Reached XP level 3. HP: 21/21 MP: 0/8
  1789 | D:2      | Learned a level 3 spell: Gell's Gravitas
  1828 | D:2      | Noticed a black bear
  1840 | D:2      | Killed a black bear
  1841 | D:2      | Reached skill level 4 in Spellcasting
  1841 | D:2      | Reached XP level 4. HP: 9/27 MP: 1/10
  1841 | D:2      | Reached XP level 5. HP: 10/31 MP: 1/11
  2053 | D:2      | Learned a level 2 spell: Call Imp
  2165 | D:2      | Learned a level 3 spell: Summon Guardian Golem
  3045 | D:3      | Found a stormy altar of Qazlal.
  3063 | D:3      | HP: 1/31 [gnoll (13)]
  3064 | D:3      | Succumbed to a gnoll's poison

Illustrated notes

Levels and vault maps discovered:
D:1:      co_arrival_hall_of_pillars, layout_loops_ring,
          hellmonk_ecumenical_altar_run_dry
D:2:      layout_basic, minmay_puff
D:3:      layout_loops_corners, tgw_trog, amcnicky_altar_gilded, serial_shops,
          nicolae_shop_trees, minmay_ogre_servants

Skill      XL: |  1  2  3 |
---------------+----------+-----
Stealth        | 3 |  3.1
Spellcasting   | 4 |  4.7
Conjurations   | 2 |  2.4
Fighting       | |  0.2
Short Blades   | |  0.5
Dodging        | |  2.3
Hexes          | |  0.5
Summonings     | |  1.0
Translocations | |  1.0

Action                   |  1- 3 |  4- 6 || total
-------------------------+-------+-------++-------
Melee: Dagger            |    12 |     8 ||    20
       Constrict         |     3 |     1 ||     4
       Tentacles         |     1 |       ||     1
Throw: Dart              |       |     4 ||     4
 Cast: Magic Dart        |    82 |    38 ||   120
       Slow              |     1 |     1 ||     2
       Blink             |     2 |       ||     2
       Call Imp          |       |     1 ||     1
  Use: Scroll            |     3 |       ||     3
 Stab: Sleeping          |       |     1 ||     1
Armor: Skin              |     4 |     5 ||     9
Dodge: Dodged            |    13 |    26 ||    39
